 Dungeon Crawl Stone Soup version 0.30.1-3-gfc49f6343a (webtiles) character file.

Game seed: 4451373344764943578

64698 SHDWBERSERKER the Tortoise (level 14, -5/135 HPs)
             Began as a Minotaur Berserker on Aug 9, 2023.
             Was a High Priest of Trog.
             Slain by a hornet (10 damage)
             ... while paralysed by a hornet
             ... on level 5 of the Lair of Beasts on Aug 10, 2023.
             The game lasted 00:35:39 (21929 turns).

SHDWBERSERKER the Tortoise (Minotaur Berserker)    Turns: 21929, Time: 00:35:39

Health: -5/135     AC: 18    Str: 27    XL:     14   Next: 72%
Magic:  13/13      EV:  2    Int:  4    God:    Trog [*****.]
Gold:   1627       SH:  0    Dex: 10    Spells: 13/13 levels left

rFire   . . .        q - +0 war axe (freeze)
rCold   + . .        t - +0 buckler
rNeg    . . .        o - +0 plate armour
rPois   +            (helmet restricted)
rElec   .            w - scarf {repulsion}
rCorr   .            B - +0 pair of gloves
SInv    .            (no boots)
Will    +++..        (no amulet) Stlth
                     K - ring of poison resistance
HPRegen 1.42/turn    a - ring of protection from cold
MPRegen 0.13/turn

%: repel missiles
@: paralysed, strong-willed, on berserk cooldown, regenerating, slowed
A: horns 2, retaliatory headbutt
a: Renounce Religion, Berserk, Trog's Hand, Brothers in Arms


You were on level 5 of the Lair of Beasts.
You worshipped Trog.
Trog was extremely pleased with you.
You visited 2 branches of the dungeon, and saw 16 of its levels.

You collected 1627 gold pieces.

Inventory:

Hand Weapons
 q - a +0 war axe of freezing (weapon)
 L - a -2 demon whip of venom
Armour
 o - a +0 plate armour (worn)
 t - a +0 buckler (worn)
 w - a scarf of repulsion (worn)
 B - a +0 pair of gloves (worn)
Jewellery
 a - a ring of protection from cold (right hand)
 C - a ring of flight
 E - a +4 ring of protection
 K - a ring of poison resistance (left hand)
Wands
 e - a wand of acid (9)
 v - a wand of flame (34)
 y - a wand of paralysis (16)
 A - a wand of roots (6)
 H - a wand of digging (4)
 J - a wand of polymorph (6)
Scrolls
 i - 2 scrolls of enchant armour
 m - a scroll of summoning
 n - a scroll of magic mapping
 x - a scroll of enchant weapon
 z - a scroll of brand weapon
 D - 2 scrolls of immolation
 G - 2 scrolls of teleportation
 M - 2 scrolls of poison
 O - 3 scrolls of identify
 Q - a scroll of fog
Potions
 c - 3 potions of lignification
 d - 2 potions of invisibility
 f - 3 potions of curing
 h - 7 potions of attraction
 j - 5 potions of mutation
 k - 6 potions of brilliance
 l - a potion of haste
 p - a potion of might
 r - 5 potions of degeneration
 I - 3 potions of resistance
 N - 3 potions of flight {unknown}
 P - a potion of ambrosia {unknown}
Miscellaneous
 g - a lightning rod (3/4)


   Skills:
 + Level 15.3 Fighting
 + Level 15.4 Axes
 + Level 15.5 Armour
 + Level 13.8 Dodging
 - Level 4.0 Shields
 + Level 6.8 Evocations


You had 13 spell levels left.
You didn't know any spells.
Your spell library was empty.

Dungeon Overview and Level Annotations

Branches:
Dungeon (11/15)            Temple (0/1) D:4            Lair (5/5) D:8
 Shoals (0/4) Lair:2       Spider (0/4) Lair:3        Slime (0/5) Lair:4
    Orc (0/2) D:9

Altars:
Ashenzari
Fedhas
Gozag
Trog
Uskayaw
Wu Jian
Xom
Jiyva

Shops:
D:8 *   D:11 (

Annotations:
D:11 3 runed translucent doors, jtron's ghost, journeyman GnWn


Innate Abilities, Weirdness & Mutations

You have a pair of horns on your head.
You reflexively headbutt those who attack you in melee.


Message History

The tyrant leech bites you but does no damage.
You slash the tyrant leech! You freeze the tyrant leech.
The tyrant leech is moderately wounded.
The tyrant leech bites you!
* * * LOW HITPOINT WARNING * * *
The tyrant leech draws strength from your injuries!
Okay, then.
Okay, then.
You feel better.
The tyrant leech bites you but does no damage.
A hornet comes into view.
Aiming: Thunderbolt
Press: ? - help, Shift-Dir - straight line, f - tyrant leech
Aim: a tyrant leech (lightly wounded)
The thunderbolt hits the tyrant leech!
The tyrant leech is moderately wounded.
The hornet buzzes angrily.
You block the tyrant leech's attack. The tyrant leech misses you.
You furiously retaliate!
You headbutt the tyrant leech.
Your ogre goes berserk!
The tyrant leech bites you but does no damage.
The hornet closely misses you.
You closely miss the tyrant leech. Your headbutt misses the tyrant leech.
The tyrant leech is moderately wounded.
You slash the hornet! You freeze the hornet.
The hornet stings you but does no damage.
Your ogre closely misses the hornet.
The tyrant leech barely misses you. You furiously retaliate!
You headbutt the tyrant leech! The hornet stings you!
* * * LOW HITPOINT WARNING * * *
You feel better.
Your ogre barely misses the hornet.
The hornet stings you.
* * * LOW HITPOINT WARNING * * *
You suddenly lose the ability to move!
The tyrant leech bites you!
* * * LOW HITPOINT WARNING * * *
The tyrant leech draws strength from your injuries!
The hornet stings you!
* * * LOW HITPOINT WARNING * * *
Your ogre rages.
Your ogre barely misses the hornet.
The hornet stings you!
You die...

# #...# ..#.# . # ##..##
...####.. ###..##
##........ ##...#
##.......# #...##
##......# ...##
###....###.# ..###
###††...##
..†.#####..†..#Oy####
#...†#.#.....##.@w..#
###........#####.†......
###...#### #####....
##### ###


You could see a tyrant leech (ally target), a hornet and a friendly ogre
(summoned, berserk).

Vanquished Creatures
  Gastronok (Lair:3)
  Snorg (D:11)
  4 hydras
  An ice dragon (Lair:5)
  3 catoblepae
  2 boulder beetles
  The ghost of rozman the Grappler, a novice TrFi of Okawaru (Lair:1)
  5 two-headed ogres
  7 death yaks
  Amaemon (Lair:1)
  A skyshark (Lair:5)
  A fire crab (Lair:4)
  A lindwurm (Lair:5)
  Pikel (D:4)
  A cyclops (D:8)
  7 elephants (Lair:3)
  6 black mambas
  A merfolk siren (Lair:2)
  6 torpor snails
  An orange demon (Lair:1)
  17 cane toads
  5 rime drakes
  8 komodo dragons
  3 meliai
  14 polar bears
  2 trolls (D:9)
  A queen bee (Lair:3)
  7 hornets
  2 tyrant leeches (Lair:5)
  12 blink frogs
  2 merfolk (Lair:2)
  3 raiju (Lair:5)
  3 dream sheep
  2 shadows
  Sigmund (D:4)
  5 jumping spiders (Lair:3)
  2 vampires
  Eustachio (D:4)
  6 wyverns
  18 yaks
  4 basilisks
  2 steam dragons
  8 vampire mosquitoes
  Menkaure (D:5)
  4 wargs (Lair:5)
  2 acid dragons
  14 water moccasins
  14 hell hounds (Lair:5)
  14 black bears
  A sky beast (D:8)
  9 orc warriors
  8 ice beasts
  3 ogres
  26 wolves
  3 centaurs
  A lemure (D:4)
  4 kobold brigands
  4 phantoms
  3 gnoll sergeants (D:9)
  17 bullfrogs
  2 scorpions
  9 wights
  38 killer bees
  7 electric eels
  7 howler monkeys
  2 hounds
  A jelly (D:8)
  4 orc priests
  Crazy Yiuf (D:4)
  A gnoll bouda (D:6)
  Jessica (D:2)
  An iguana (D:5)
  A sleepcap (D:5)
  10 orc wizards
  5 gnolls
  A river rat (Lair:3)
  7 adders
  3 shadow imps
  A worm (D:2)
  4 dart slugs
  36 orcs
  9 endoplasms
  2 giant cockroaches
  8 goblins
  6 hobgoblins
  6 kobolds
  5 quokkas
  4 ball pythons (D:1)
  5 bats
  5 frilled lizards
  3 rats
503 creatures vanquished.

Vanquished Creatures (collateral kills)
  A cane toad (Lair:5)
  A merfolk (Lair:2)
2 creatures vanquished.

Grand Total: 505 creatures vanquished

Notes
Turn   | Place    | Note
-------+----------+-------------------------------------------
     0 | D:1      | SHDWBERSERKER the Minotaur Berserker began the quest for
                  | the Orb.
     0 | D:1      | Reached XP level 1. HP: 19/19 MP: 0/0
    69 | D:1      | Reached XP level 2. HP: 20/27 MP: 1/1
   791 | D:2      | Reached ** piety under Trog
   792 | D:2      | Reached XP level 3. HP: 34/34 MP: 2/2
   803 | D:2      | Noticed Jessica
   806 | D:2      | Killed Jessica
   866 | D:2      | Reached XP level 4. HP: 41/41 MP: 3/3
  1627 | D:3      | Found a shimmering altar of Xom.
  1644 | D:3      | Found an opulent altar of Gozag.
  2263 | D:4      | Noticed a lemure
  2273 | D:4      | Killed a lemure
  2286 | D:4      | Noticed Pikel
  2286 | D:4      | Noticed a lemure
  2286 | D:4      | Noticed a lemure
  2286 | D:4      | Noticed a lemure
  2300 | D:4      | Killed Pikel
  2301 | D:4      | Reached skill level 5 in Fighting
  2301 | D:4      | Reached skill level 5 in Axes
  2301 | D:4      | Reached skill level 5 in Armour
  2301 | D:4      | Reached XP level 5. HP: 6/50 MP: 4/4
  2301 | D:4      | Reached XP level 6. HP: 7/57 MP: 5/5
  2301 | D:4      | Reached XP level 7. HP: 8/62 MP: 6/6
  2517 | D:4      | Found a staircase to the Ecumenical Temple.
  2550 | D:4      | Noticed Sigmund
  2565 | D:4      | Killed Sigmund
  2912 | D:4      | Found a runed translucent door.
  2913 | D:4      | Noticed Crazy Yiuf
  3072 | D:4      | Noticed Eustachio
  3080 | D:4      | Killed Eustachio
  3318 | D:4      | Killed Crazy Yiuf
  3463 | D:5      | Entered Level 5 of the Dungeon
  3472 | D:5      | Reached XP level 8. HP: 71/71 MP: 7/7
  3545 | D:5      | Reached skill level 5 in Dodging
  3619 | D:5      | Noticed a two-headed ogre
  3629 | D:5      | Killed a two-headed ogre
  3925 | D:5      | Reached XP level 9. HP: 81/81 MP: 8/8
  4182 | D:5      | Noticed Menkaure
  4185 | D:5      | Killed Menkaure
  4346 | D:6      | Reached *** piety under Trog
  6009 | D:7      | Reached skill level 1 in Shields
  6363 | D:7      | Found a blossoming altar of Fedhas.
  6719 | D:8      | Noticed a polar bear
  6721 | D:8      | Noticed a polar bear
  6729 | D:8      | Killed a polar bear
  6730 | D:8      | Reached XP level 10. HP: 91/91 MP: 9/9
  6835 | D:8      | Found a staircase to the Lair.
  6893 | D:8      | Noticed a two-headed ogre
  6902 | D:8      | Killed a two-headed ogre
  6942 | D:8      | Reached skill level 10 in Armour
  7292 | D:8      | Found Gimeth's General Store.
  7391 | D:8      | Noticed a two-headed ogre
  7394 | D:8      | Reached skill level 10 in Axes
  7406 | D:8      | Killed a two-headed ogre
  7407 | D:8      | Reached skill level 10 in Fighting
  7686 | D:8      | Reached **** piety under Trog
  7765 | D:8      | Found a bloodstained altar of Trog.
  7765 | D:8      | Found a broken altar of Ashenzari.
  7862 | D:8      | Noticed a cyclops
  7874 | D:8      | Killed a cyclops
  7875 | D:8      | Reached XP level 11. HP: 68/101 MP: 10/10
  8283 | D:9      | Noticed a two-headed ogre
  8288 | D:9      | Killed a two-headed ogre
  9248 | D:9      | Found a staircase to the Orcish Mines.
  9298 | D:9      | Reached skill level 1 in Evocations
  9765 | D:10     | Entered Level 10 of the Dungeon
 10226 | D:10     | Noticed a two-headed ogre
 10237 | D:10     | Killed a two-headed ogre
 10380 | D:10     | Reached skill level 10 in Dodging
 11268 | D:11     | Found a runed translucent gate.
 11268 | D:11     | Found a runed translucent gate.
 11268 | D:11     | Found a runed translucent gate.
 11272 | D:11     | Found an opulent altar of Gozag.
 11272 | D:11     | Noticed jtron's ghost (journeyman GnWn)
 11438 | D:11     | Noticed Snorg
 11450 | D:11     | Killed Snorg
 11669 | D:11     | Found Coic's Antique Weapon Shoppe.
 11917 | Lair:1   | Entered Level 1 of the Lair of Beasts
 11949 | Lair:1   | Noticed Amaemon
 11961 | Lair:1   | Reached XP level 12. HP: 112/112 MP: 11/11
 11971 | Lair:1   | Killed Amaemon
 12236 | Lair:1   | Found a transporter.
 12260 | Lair:1   | Noticed a four-headed hydra
 12262 | Lair:1   | Noticed rozman's ghost (novice TrFi)
 12504 | Lair:1   | Found a transporter.
 13143 | Lair:1   | Killed rozman's ghost
 13144 | Lair:1   | Killed an 11-headed hydra
 13264 | Lair:2   | Found a staircase to the Shoals.
 13304 | Lair:2   | HP: 4/113 [blink frog (14)]
 13342 | Lair:2   | Noticed a catoblepas
 13520 | Lair:2   | Killed a catoblepas
 13521 | Lair:2   | Reached skill level 5 in Evocations
 13646 | Lair:2   | Noticed a death yak
 13646 | Lair:2   | Noticed a death yak
 13647 | Lair:2   | Noticed a death yak
 13648 | Lair:2   | Noticed a death yak
 13648 | Lair:2   | Noticed a death yak
 13667 | Lair:2   | Killed a death yak
 13675 | Lair:2   | Killed a death yak
 13677 | Lair:2   | Killed a death yak
 13679 | Lair:2   | Killed a death yak
 13709 | Lair:2   | Killed a death yak
 13830 | Lair:2   | Reached XP level 13. HP: 122/122 MP: 12/12
 14577 | Lair:3   | Noticed Gastronok
 14630 | Lair:3   | Killed Gastronok
 16682 | Lair:3   | Found a hole to the Spider Nest.
 17671 | Lair:4   | Reached XP level 14. HP: 60/133 MP: 13/13
 18323 | Lair:4   | Found a hide-covered altar of Uskayaw.
 18323 | Lair:4   | Found an ornate altar of the Wu Jian Council.
 19435 | Lair:4   | Found a viscous altar of Jiyva.
 19435 | Lair:4   | Found a staircase to the Slime Pits.
 19557 | Lair:5   | Entered Level 5 of the Lair of Beasts
 19807 | Lair:5   | Reached ***** piety under Trog
 19872 | Lair:5   | Reached skill level 15 in Armour
 20032 | Lair:5   | Reached skill level 15 in Axes
 20609 | Lair:5   | Reached skill level 15 in Fighting
 20694 | Lair:5   | HP: 3/135 [six-headed hydra (5)]
 21479 | Lair:5   | Found a runed translucent door.
 21910 | Lair:5   | Paralysed by a hornet for 3 turns
 21928 | Lair:5   | Paralysed by a hornet for 2 turns
 21928 | Lair:5   | HP: 4/135 [hornet (11)]
 21929 | Lair:5   | Slain by a hornet

Illustrated notes

Levels and vault maps discovered:
D:1:      elethiomel_arrival_quiet, layout_basic, grunt_decor_one_mirror,
          minmay_surrounded
D:2:      layout_rooms, uniq_jessica
D:3:      layout_basic, nicolae_gozag_seed_capital, lemuel_crystal_altar,
          minmay_splitting_lines
D:4:      nicolae_BIG_FREAKIN_CUBE, layout_gridville, temple_statues,
          serial_glass, glass_columns_c, glass_columns_a,
          minmay_misc_feat_roman, nicolae_nh_ransacked_shop, uniq_sigmund,
          uniq_eustachio, uniq_crazy_yiuf_cottage, uniq_pikel
D:5:      layout_gridville, kennysheep_generic_room_12, uniq_menkaure
D:6:      layout_layer_cave
D:7:      layout_basic, mainiacjoe_overflow_alcove_1
D:8:      minmay_spotlight, layout_gridville, jmf_multi_god_temple,
          hellmonk_lair_entry_icy, serial_shops, nicolae_shop_real_fake_doors
D:9:      layout_basic, kennysheep_orc_monster_closet_entryway
D:10:     layout_loops_cross
D:11:     layout_irregular_city, ebering_ghost_gozag, serial_shops, shop,
          minmay_misc_feat_tiny, due_unseen_surprise, uniq_snorg
Lair:1:   layout_chaotic_city, gammafunk_ghost_arena, uniq_amaemon
Lair:2:   layout_long_grid, elwin_shoals_entry_stream, beast_lair_carwin_3
Lair:3:   regret_index_tunnel_blossom, layout_hall_layers, spider_nest_entry_a,
          serial_bayou_lagoon_b, uniq_gastronok
Lair:4:   nzn_winding_woodlands_medium [nzn_winding_woodlands_5x5_closed_star,
          nzn_winding_woodlands_5x15_pathside_ponds,
          nzn_winding_woodlands_5x5_default,
          nzn_winding_woodlands_5x5_perimeter,
          nzn_winding_woodlands_center_lodge, nzn_winding_woodlands_5x5_cross,
          nzn_winding_woodlands_5x5_open_star,
          nzn_winding_woodlands_5x15_zeroes, nzn_winding_woodlands_hourglass],
          layout_loops_ring, dpeg_slime_entry_enclosed,
          chequers_serial_rivers_room_a, nzn_masters_of_martial_movement
Lair:5:   hangedman_lair_caniforms_friends, layout_regular_city, wormcave,
          eino_small_chamber_without_monster, chequers_serial_rivers_micro_a,
          serial_bayou_lake_a, lemuel_fruit_fields

Skill      XL: |  1  2  3  4  5  6  7  8  9 10 11 12 13 14 |
---------------+-------------------------------------------+-----
Fighting       | 4 5 6 7 9 10 11 13 14 15 | 15.3
Axes           | 4 5 6 7 9 10 11 13 14 15 | 15.4
Armour         | 3 5 6 8 9 10 12 13 14 15 | 15.5
Dodging        | 4 6 7 9 10 11 13 | 13.8
Shields        | 3 4 |  4.0
Evocations     | 3 5 6 |  6.8

Action                     |  1- 3 |  4- 6 |  7- 9 | 10-12 | 13-15 || total
---------------------------+-------+-------+-------+-------+-------++-------
  Melee: Hand axe          |    53 |    59 |    48 |       |       ||   160
         Headbutt          |    10 |    13 |    31 |    91 |   183 ||   328
         War axe           |       |       |   162 |   481 |   828 ||  1471
         Punch             |       |       |     2 |       |       ||     2
 Invoke: Berserk           |       |     1 |     6 |    12 |    11 ||    30
         Trog's Hand       |       |       |     5 |    11 |     9 ||    25
         Brothers in Arms  |       |       |       |     1 |     2 ||     3
  Evoke: Wand              |       |       |       |    23 |    14 ||    37
         Lightning rod     |       |       |       |       |     1 ||     1
    Use: Scroll            |       |    10 |     7 |     7 |     6 ||    30
         Potion            |       |       |     2 |     5 |     6 ||    13
   Stab: Petrified         |       |       |       |       |    11 ||    11
 Armour: Animal skin       |     5 |       |       |       |       ||     5
         Chain mail        |    20 |     5 |       |       |       ||    25
         Plate armour      |       |    12 |   110 |   287 |   476 ||   885
  Dodge: Dodged            |    32 |    19 |   109 |   259 |   439 ||   858
         Repelled          |       |       |       |     5 |     3 ||     8
  Block: Buckler           |       |       |     7 |   113 |   173 ||   293
